[Event "*** SCC Grand Prix: Titled Tuesday Blitz"]
[Site "Chess.com"]
[Date "2020.09.29"]
[Round "3"]
[White "Vision_64"]
[Black "Rubinstein_Akiba"]
[Result "0-1"]
[WhiteElo "2203"]
[BlackElo "2407"]
[TimeControl "180+1"]
[EndTime "10:27:25 PDT"]
[Termination "Rubinstein_Akiba won on time"]

1. e4 c5 2. Nf3 d6 3. d4 cxd4 4.
Nxd4 Nf6 5. Nc3 a6 6. Bg5 e6 7.
f4 Be7 8. Qf3 Nbd7 9. O-O-O Qc7 10. Bd3 b5 11. Rhe1 Bb7 12. Nd5 exd5 13. Nf5 Bf8 14. e5 dxe5 15. fxe5 Ne4 16. Rxe4 dxe4 17. Bxe4 Rc8 18. Nd6+ Bxd6 19. exd6 Qc5 20. Be3 Qc4 21. Rd4 Qc5 22. b4 Qc3 23. Qf4 O-O 24. Bd3 Rce8 25. Qh4 h6 26. Bf2 Qa1+ 27. Kd2 Qh1 28. Qh3 Qxg2 0-1

[Event "*** SCC Grand Prix: Titled Tuesday Blitz"]
[Site "Chess.com"]
[Date "2020.09.29"]
[Round "3"]
[White "Justinz"]
[Black "pavelalexandru07"]
[Result "1-0"]
[WhiteElo "2440"]
[BlackElo "2243"]
[TimeControl "180+1"]
[EndTime "10:27:25 PDT"]
[Termination "Justinz won by checkmate"]

1. e4 c5 2. Nf3 d6 3. Nc3 Nf6 4. d4 cxd4 5. Nxd4 a6 6. Be3 e5 7. Nb3 Be6 8. Be2 Nbd7 9. O-O Be7 10. a4 O-O 11. f4 exf4 12. Rxf4 Ne5 13. Nd4 Qc7 14. h3 Rfd8 15. Qf1 Rac8 16. Rd1 d5 17. Nxe6 fxe6 18. exd5 Nxd5 19. Nxd5 exd5 20. Bd4 Bc5 21. c3 Rf8 22. Rxf8+ Rxf8 23. Qe1 Bxd4+ 24. Rxd4 Rd8 25.
Kh1 Nc6 26. Rd1 d4 27. Bc4+ Kh8 28. cxd4 Nxd4 29. b3 Nc6 30. Rxd8+ Qxd8 31. Qe6 g6 32. a5 Kg7 33. b4 Qd1+ 34. Kh2 Qd4 35. Bd5 Qxb4 36. Qf7+ Kh6 37. Qf3 Qd6+ 38. g3 Nxa5 39. h4 Nc6 40. Kh3 Ne5 41. Qe4 b5 42. g4 Kg7 43. Qd4 b4 44. Qa7+ Nd7 45. Qb7 Kf6 46.
g5+ Ke5 47. Bf3 a5 48. Qe4# 1-0

[Event "*** SCC Grand Prix: Titled Tuesday Blitz"]
[Site "Chess.com"]
[Date "2020.09.29"]
[Round "3"]
[White "LiemLe"]
[Black "ChessSkool"]
[Result "1-0"]
[WhiteElo "2987"]
[BlackElo "2700"]
[TimeControl "180+1"]
[EndTime "10:27:33 PDT"]
[Termination "LiemLe won on time"]

1. d4 d5 2. Nf3 Nf6 3. Bf4 c5 4. e3 cxd4 5. exd4 Nc6 6. Nbd2 Bf5 7. Bb5 e6 8. Ne5 Qb6 9. c4 Bb4 10. Qa4 O-O 11. c5 Bxd2+ 12. Bxd2 Qc7 13. Bxc6 bxc6 14.
Qxc6 Qb8 15. b3 Rc8 16. Qa6 Rxc5 17. Nc6 Qb5 18. Qxb5 Rxb5 19. Ne7+ Kf8 20. Nxf5 exf5 21. f3 a5 22. Ke2 a4 23. b4 a3 24. Rhc1 Ke7 25.
Rc5 Rab8 26. Kd3 Nd7 27. Re1+ Kd8 28. Rc6 R8b6 29. Rc2 Rb7 30. Rb1 Nb6 31. Rb3 Nc4 32. Rxc4 dxc4+ 33. Kxc4 R5b6 34. Rxa3 Rc6+ 35. Kd3 Kd7 36.
Ra5 g6 37. a4 h5 38. Rc5 Ra6 39. a5 Rc6 40. Kc4 1-0

[Event "*** SCC Grand Prix: Titled Tuesday Blitz"]
[Site "Chess.com"]
[Date "2020.09.29"]
[Round "3"]
[White "Tooweak2slow03"]
[Black "sjam6687"]
[Result "1-0"]
[WhiteElo "2802"]
[BlackElo "2508"]
[TimeControl "180+1"]
[EndTime "10:27:33 PDT"]
[Termination "Tooweak2slow03 won by checkmate"]

1. e4 e5 2. Nf3 Nc6 3. Bc4 Bc5 4.
c3 Nf6 5. d4 exd4 6. e5 d5 7. Bb5 Ne4 8. cxd4 Bb4+ 9. Bd2 Nxd2 10.
Nbxd2 O-O 11. O-O Ne7 12. Bd3 Bf5 13. Qc2 Bxd3 14. Qxd3 f6 15. a3 Bxd2 16. Qxd2 fxe5 17. Nxe5 Nf5 18. Rae1 c6 19. Re2 Qc7 20. Rfe1 Rae8 21. Qf4 Nd6 22. Qg3 Re7 23. h4 Nf5 24. Qg4 Nh6 25.
Qg5 Nf5 26. Qf4 Nd6 27. Qd2 Ne4 28. Qd3 Nd6 29. f3 Nf5 30. h5 Qb6 31. Rd2 Nd6 32. g4 Rfe8 33. f4 Nc4 34. Rde2 Nxb2 35. Qd2 Nc4 36.
Nxc4 Rxe2 37. Rxe2 Rxe2 38. Qxe2 Qxd4+ 39. Ne3 Qxf4 40. Nf5 Qc1+ 41. Kg2 g6 42. Qe8# 1-0

[Event "*** SCC Grand Prix: Titled Tuesday Blitz"]
[Site "Chess.com"]
[Date "2020.09.29"]
[Round "3"]
[White "parnali1611"]
[Black "r31415"]
[Result "0-1"]
[WhiteElo "2111"]
[BlackElo "2462"]
[TimeControl "180+1"]
[EndTime "10:27:33 PDT"]
[Termination "r31415 won on time"]

1. d4 Nf6 2. c4 g6 3. Nc3 d5 4.
cxd5 Nxd5 5. Bd2 Bg7 6. e4 Nb6 7. Be3 O-O 8. Nf3 Bg4 9. Be2 Nc6 10. d5 Na5 11. Bd4 c6 12. Bxg7 Kxg7 13. b4 Bxf3 14. gxf3 Nd7 15. bxa5 Qxa5 16. Qd4+ Kg8 17. O-O Rfd8 18.
Rfc1 Nf6 19. Rab1 Rd7 20. Qb4 Qc7 21. Qd4 Nh5 22. Bf1 Qf4 23. Qe3 Qh4 24. dxc6 bxc6 25.
Ne2 Rd6 26. Ng3 Nf4 27. Rc5 Rad8 28. Rcc1 h5 29. Qb3 Qg5 30. e5 Qxe5 31. h4 Qf6 32. Rc4 Qxh4 0-1

[Event "*** SCC Grand Prix: Titled Tuesday Blitz"]
[Site "Chess.com"]
[Date "2020.09.29"]
[Round "3"]
[White "winniethepooh04"]
[Black "lider34"]
[Result "1/2-1/2"]
[WhiteElo "2207"]
[BlackElo "2392"]
[TimeControl "180+1"]
[EndTime "10:27:35 PDT"]
[Termination "Game drawn by repetition"]

1. d4 Nf6 2. Nf3 g6 3. Bf4 Bg7 4. e3 d6 5. Be2 O-O 6. h3 b6 7.
O-O Bb7 8. c4 c5 9. Nc3 Ne4 10.
Rc1 Nd7 11. Bh2 Ndf6 12. a3 Nxc3 13. Rxc3 Ne4 14. Rc1 Rc8 15. b4 Re8 16. Qb3 Ba8 17. Rfd1 cxd4 18. exd4 Qd7 19. Qe3 e6 20. Nd2 Nxd2 21.
Rxd2 Red8 22. Bf3 Bxf3 23. Qxf3 Qc6 24. Qe3 Rc7 25. Rcc2 Rcd7 26. Rd1 Qa4 27. Rdc1 Rc8 28. Bg3 h5 29. c5 dxc5 30. dxc5 bxc5 31. Rxc5 Rxc5 32.
bxc5 Rd1+ 33. Rxd1 Qxd1+ 34. Kh2 Bd4 35. Qg5 Kg7 36. Qd8 f6 37. c6 h4 38. Qd7+ Kh6 39.
Bf4+ g5 40. Be3 Be5+ 41. f4 Qe1 42. fxe5 Qxe3 43. Qxe6 Qg3+ 44. Kg1 Qe1+ 45. Kh2 Qg3+ 46. Kg1 Qe1+ 47. Kh2 Qg3+ 1/2-1/2

[Event "*** SCC Grand Prix: Titled Tuesday Blitz"]
[Site "Chess.com"]
[Date "2020.09.29"]
[Round "3"]
[White "gumimis"]
[Black "StockholmMissile"]
[Result "1-0"]
[WhiteElo "2222"]
[BlackElo "2397"]
[TimeControl "180+1"]
[EndTime "10:27:35 PDT"]
[Termination "gumimis won by resignation"]

1. e4 c6 2. d4 d5 3. Nc3 dxe4 4. Nxe4 Nf6 5. Nxf6+ exf6 6. c3 Bd6 7. Bd3 O-O 8. Qc2 Re8+ 9. Ne2 h5 10. O-O Qc7 11. g3 h4 12. Nf4 Bg4 13. Be3 Nd7 14. Rae1 Nb6 15. f3 Bd7 16. c4 c5 17. d5 Re5 18. Bd2 hxg3 19. hxg3 Rg5 20. Kf2 Nc8 21. Bh7+ Kf8 22. Rh1 Ne7 23. Bd3 g6 24. Rh8+ Ng8 25.
Reh1 Re8 26. Bxg6 Ke7 27. Bxf7 Rf8 28. R1h7 Kd8 29. Bxg8 Rgxg8 30. Rxg8 Rxg8 31. Ne6+ Bxe6 32. Rxc7 Bxg3+ 33. Ke2 Bxc7 34. dxe6 Rg2+ 35. Kf1 Rh2 36. Qd3+ 1-0

[Event "*** SCC Grand Prix: Titled Tuesday Blitz"]
[Site "Chess.com"]
[Date "2020.09.29"]
[Round "3"]
[White "Roman_Ovetchkin"]
[Black "alexgo05"]
[Result "1/2-1/2"]
[WhiteElo "2650"]
[BlackElo "2423"]
[TimeControl "180+1"]
[EndTime "10:27:37 PDT"]
[Termination "Game drawn by repetition"]

1. d4 Nf6 2. c4 g6 3. Nc3 Bg7 4.
e4 d6 5. f3 O-O 6. Bg5 c5 7.
Nge2 Qa5 8. Qd2 Nc6 9. d5 Ne5 10. Ng3 a6 11. a3 Rb8 12. Bh6 Bxh6 13. Qxh6 b5 14. Qd2 bxc4 15. Be2 Nd3+ 16. Bxd3 cxd3 17. Qxd3 Rxb2 18. O-O Bd7 19. Rfb1 Rfb8 20. h3 R8b3 21.
Rxb2 Rxb2 22. Rb1 Qxa3 23. Rxb2 Qxb2 24. Qe3 a5 25. e5 dxe5 26. Qxc5 a4 27. Qxe7 Qxc3 28.
Qxf6 a3 29. Ne4 Qd4+ 30. Kh2 a2 31. Qd8+ Kg7 32. Qf6+ Kf8 33. Qh8+ Ke7 34. Qf6+ Kf8 35. Qh8+ Ke7 36. Qf6+ Kf8 1/2-1/2

[Event "*** SCC Grand Prix: Titled Tuesday Blitz"]
[Site "Chess.com"]
[Date "2020.09.29"]
[Round "3"]
[White "Goryachkina"]
[Black "Egorov_Pavel"]
[Result "1-0"]
[WhiteElo "2639"]
[BlackElo "2440"]
[TimeControl "180+1"]
[EndTime "10:27:39 PDT"]
[Termination "Goryachkina won by checkmate"]

1. e4 Nf6 2. e5 Nd5 3. d4 d6 4. Nf3 g6 5. Bc4 Nb6 6. Bb3 Bg7 7. Ng5 e6 8. Qf3 Qe7 9. Ne4 Nc6 10. c3 dxe5 11.
Bg5 Qf8 12. Nf6+ Bxf6 13. Bxf6 exd4 14. O-O Nd7 15. Bxh8 Qxh8 16. Ba4 Nde5 17. Qe4 Bd7 18. cxd4 Nxd4 19. Bxd7+ Nxd7 20. Nc3 Nc5 21. Qe3 O-O-O 22. Rad1 e5 23. f4 f6 24. fxe5 fxe5 25. Rfe1 Nd7 26. Qe4 Qf6 27. Nd5 Qd6 28. Kh1 c6 29. Ne3 Rf8 30.
Nc4 Qb4 31. Nxe5 Nxe5 32. Qxe5 Rd8 33. Re4 Qxb2 34. Rexd4 Rxd4 35. Qxd4 Qxa2 36. Qd8# 1-0

[Event "*** SCC Grand Prix: Titled Tuesday Blitz"]
[Site "Chess.com"]
[Date "2020.09.29"]
[Round "3"]
[White "cassoulet"]
[Black "Funo09"]
[Result "0-1"]
[WhiteElo "2644"]
[BlackElo "2854"]
[TimeControl "180+1"]
[EndTime "10:27:40 PDT"]
[Termination "Funo09 won by resignation"]

1. e4 Nf6 2. e5 Nd5 3. Nf3 Nb6 4. d4 d5 5. a4 Bg4 6. a5 N6d7 7. a6 Nxa6 8. Bxa6 bxa6 9. Rxa6 e6 10. O-O Be7 11. h3 Bh5 12. c3 O-O 13. b4 Qb8 14. Qd3 Bg6 15. Qe2 Bxb1 16. Bg5 Bxg5 17. Rxb1 Be7 18. Rba1 Nb6 19. Nd2 Qb7 20. f4 f6 21.
Qg4 Qc6 22. Qg3 fxe5 23. fxe5 h6 24. Qd3 Bg5 25. Nf3 Qc4 26. Qg6 Qxc3 27. Qxe6+ Kh8 28.
R6a3 Qxb4 29. Kh1 Qe7 30. Qg4 Nc4 31. Rxa7 Rxa7 32. Rxa7 Ne3 33. Qg3 Bf4 34. Qg6 Nf5 35. Qc6 Qb4 36. Ra1 Nxd4 37. Nxd4 Qxd4 38. Rf1 Qxe5 39.
Qg6 Qd6 40. Qg4 Bg5 41. Rd1 c6 0-1

[Event "*** SCC Grand Prix: Titled Tuesday Blitz"]
[Site "Chess.com"]
[Date "2020.09.29"]
[Round "3"]
[White "Sven_Tica"]
[Black "Guenplen"]
[Result "1/2-1/2"]
[WhiteElo "2660"]
[BlackElo "2871"]
[TimeControl "180+1"]
[EndTime "10:27:41 PDT"]
[Termination "Game drawn by agreement"]

1. d4 d5 2. c4 e6 3. Nf3 a6 4.
Nbd2 Nf6 5. g3 c5 6. cxd5 cxd4 7.
Nb3 Qxd5 8. Qxd4 Nc6 9. Qxd5 Nxd5 10. a3 g6 11. Bg2 Bg7 12. O-O O-O 13. e4 Nde7 14.
Rd1 b6 15. Rb1 a5 16. Be3 Ba6 17. Nbd4 Nxd4 18. Nxd4 Rac8 19. f4 Rfd8 20. b4 Bc4 21. Nf3 Rxd1+ 22. Rxd1 axb4 23. axb4 b5 24. Bc5 Nc6 25.
Bf1 Bc3 26. Bxc4 bxc4 27. Rc1 Nxb4 28. Rxc3 Rxc5 29. Ne5 Kg7 30. Rxc4 Rxc4 31. Nxc4 Nd3 32. e5 h5 33. Kg2 Ne1+ 34. Kf2 Nd3+ 35. Ke3 Nb4 36. Nd6 Nd5+ 37. Kf3 Ne7 38. h3 Nd5 39. g4 hxg4+ 40. hxg4 Ne7 41. Ne4 1/2-1/2

[Event "*** SCC Grand Prix: Titled Tuesday Blitz"]
[Site "Chess.com"]
[Date "2020.09.29"]
[Round "3"]
[White "Shield12"]
[Black "nocnypako"]
[Result "1-0"]
[WhiteElo "2853"]
[BlackElo "2572"]
[TimeControl "180+1"]
[EndTime "10:27:41 PDT"]
[Termination "Shield12 won on time"]

1. e4 c5 2. Nf3 d6 3. Bb5+ Bd7 4. Bxd7+ Qxd7 5. c4 Nf6 6. Nc3 g6 7. d4 cxd4 8. Nxd4 Bg7 9. h3 O-O 10. Be3 Nc6 11. O-O Nxd4 12. Bxd4 a6 13. a4 Rac8 14. b3 e6 15. Rc1 Rfd8 16. Qf3 Ne8 17. Bb6 Nc7 18.
Rfd1 Qc6 19. a5 Re8 20. Rd3 Na8 21. Rcd1 Nxb6 22. Rxd6 Nxc4 23. Rxc6 Ne5 24. Rxc8 Nxf3+ 25. gxf3 Rxc8 26. Na4 Bf6 27. Rd7 Rb8 28. Nc5 b6 29. axb6 Rxb6 30. Ra7 Bd4 31. Nxa6 Rxb3 32. Rd7 e5 33. f4 f6 34. Nc7 Rf3 35. Ne6 Bxf2+ 36. Kg2 Re3 37. Kxf2 Rxe4 38. Rg7+ Kh8 39. Rf7 h5 40.
Rxf6 exf4 41. Rf8+ Kh7 42. Ng5+ Kg7 43. Nxe4 Kxf8 44.
Kf3 Kg7 45. Kxf4 Kh6 46. h4 Kh7 47. Kg5 Kg7 48. Ng3 Kh7 49. Ne2 Kg7 50. Nf4 Kh7 51.
Nxg6 1-0

[Event "*** SCC Grand Prix: Titled Tuesday Blitz"]
[Site "Chess.com"]
[Date "2020.09.29"]
[Round "3"]
[White "Iskusnyh"]
[Black "Sanan_Sjugirov"]
[Result "0-1"]
[WhiteElo "2545"]
[BlackElo "2847"]
[TimeControl "180+1"]
[EndTime "10:27:42 PDT"]
[Termination "Sanan_Sjugirov won on time"]

1. d4 Nf6 2. c4 e6 3. g3 d5 4. Nf3 Bb4+ 5. Bd2 Be7 6. Bg2 O-O 7.
O-O c6 8. Qc2 Nbd7 9. a3 a5 10.
Rc1 Ne4 11. Be1 f5 12. Nbd2 Bd6 13. b4 g5 14. b5 g4 15. Nxe4 fxe4 16. Nd2 Nf6 17.
e3 Bd7 18. bxc6 Bxc6 19. Nb3 a4 20. Nc5 Qe7 21. cxd5 exd5 22. Rab1 Rfc8 23. Qa2 Kg7 24. Rb6 Kg6 25. Rcb1 Rc7 26. h4 gxh3 27. Bxh3 Rg8 28. Qe2 Kf7 29. Be6+ Kg7 30. Bxg8 Kxg8 31. Nxb7 Rxb7 0-1

[Event "*** SCC Grand Prix: Titled Tuesday Blitz"]
[Site "Chess.com"]
[Date "2020.09.29"]
[Round "3"]
[White "TigrVShlyape"]
[Black "horripile"]
[Result "1-0"]
[WhiteElo "2851"]
[BlackElo "2644"]
[TimeControl "180+1"]
[EndTime "10:27:43 PDT"]
[Termination "TigrVShlyape won by resignation"]

1. d4 Nf6 2. Nf3 e6 3. Bf4 b6 4. e3 Bb7 5. a4 Be7 6. h3 c5 7. Nbd2 Nc6 8. c3 O-O 9. Bd3 d5 10. O-O a6 11. Ne5 Nd7 12. Ndf3 Ndxe5 13. dxe5 Qc7 14.
Bc2 Rfd8 15. Qd3 g6 16. Rfd1 Rd7 17. Qe2 Rad8 18. Bd3 Qc8 19. Rac1 Qa8 20. Nh2 d4 21. exd4 cxd4 22. c4 Nb4 23. f3 Nxd3 24. Qxd3 Bc6 25. b3 Qb7 26. Ng4 b5 27. axb5 axb5 28. c5 b4 29.
Nf6+ Bxf6 30. exf6 Rd5 31. Bd6 Bb5 32. Qe4 d3 33.
Qxb4 Qc6 34. Qd2 g5 35. Re1 h6 36. h4 Kh7 37. hxg5 hxg5 38. Re5 Rxe5 39. Bxe5 Kg6 40. Bd6 Ra8 41. Re1 Qd5 42. Re4 Ra1+ 43. Kh2 Ra8 44.
Re5 Rh8+ 45. Kg3 1-0

[Event "*** SCC Grand Prix: Titled Tuesday Blitz"]
[Site "Chess.com"]
[Date "2020.09.29"]
[Round "3"]
[White "Oleksandr_Bortnyk"]
[Black "Piotrek1979"]
[Result "1-0"]
[WhiteElo "2895"]
[BlackElo "2451"]
[TimeControl "180+1"]
[EndTime "10:27:43 PDT"]
[Termination "Oleksandr_Bortnyk won by checkmate"]

1. e4 c5 2. Be2 Nc6 3. f4 g6 4.
Nf3 Bg7 5. O-O d6 6. c3 Nf6 7. e5 dxe5 8. fxe5 Nd5 9. d4 cxd4 10. cxd4 O-O 11. Nc3 Bf5 12. a3 Rc8 13. Kh1 Na5 14. Nh4 Nxc3 15. bxc3 Be6 16. Rf3 Nb3 17. Rb1 Nxc1 18.
Qxc1 Bd5 19. Rg3 e6 20. Qf4 f6 21. exf6 Rxf6 22. Qe3 Qf8 23. Nf3 Qxa3 24. Ne5 Rf5 25. Bg4 Rff8 26. h4 Bxe5 27. Qxe5 Qa2 28. Rxb7 Rf7 29. Rxf7 Kxf7 30. h5 Qa1+ 31. Kh2 Rxc3 32.
hxg6+ hxg6 33. Bxe6+ Bxe6 34. d5 Bf5 35. Rxc3 Qd1 36.
Rc7+ Kf8 37. Qe7+ Kg8 38. Qg7# 1-0

[Event "*** SCC Grand Prix: Titled Tuesday Blitz"]
[Site "Chess.com"]
[Date "2020.09.29"]
[Round "3"]
[White "Legendinunknown"]
[Black "mamey78"]
[Result "1-0"]
[WhiteElo "2635"]
[BlackElo "2403"]
[TimeControl "180+1"]
[EndTime "10:27:44 PDT"]
[Termination "Legendinunknown won on time"]

1. d4 d5 2. c4 c6 3. Nf3 Nf6 4. Nc3 e6 5. Bg5 dxc4 6. e4 b5 7. e5 h6 8. Bh4 g5 9. Nxg5 hxg5 10. Bxg5 Nbd7 11. g3 Bb7 12. Bg2 Qb6 13. exf6 c5 14. d5 O-O-O 15. O-O b4 16. Na4 Qa6 17. a3 Bxd5 18.
Bxd5 Ne5 19. axb4 Rxd5 20. Qe2 cxb4 21. Nc3 Qc6 22. Nxd5 Qxd5 23. f3 Nd3 24. Be3 Bc5 25.
b3 c3 26. Bxc5 Qxc5+ 27. Kh1 Qd4 28. Rad1 Rd8 29. Kg2 Kc7 30. h4 a5 31. h5 Kb6 32.
h6 a4 33. h7 axb3 34. Rxd3 Qxf6 35. Rxd8 Qxd8 36. Qe3+ Kb5 37. Qe5+ Kc4 38. h8=Q 1-0

[Event "*** SCC Grand Prix: Titled Tuesday Blitz"]
[Site "Chess.com"]
[Date "2020.09.29"]
[Round "3"]
[White "PetrolulSah"]
[Black "Xeniya2005"]
[Result "1-0"]
[WhiteElo "2190"]
[BlackElo "2376"]
[TimeControl "180+1"]
[EndTime "10:27:44 PDT"]
[Termination "PetrolulSah won on time"]

1. d4 Nf6 2. g3 d5 3. Bg2 g6 4.
Nf3 Bg7 5. O-O O-O 6. c4 dxc4 7. Qc2 Nc6 8. Qxc4 Be6 9. Qd3 Bf5 10. Qb3 Rb8 11.
e3 h6 12. Nc3 a6 13. Rd1 Ne4 14. Ne5 Nxc3 15. Qxc3 Nxe5 16. e4 Be6 17. Bf4 Nc6 18. Be3 Kh7 19. Rac1 Rc8 20. b3 f5 21. Qc5 Bd7 22. d5 Ne5 23. f4 Ng4 24. Bd4 fxe4 25. Bxe4 Bf5 26. Bf3 b6 27. Qc3 Bxd4+ 28.
Qxd4 Nf6 29. Re1 Qd7 30. Qe5 Rfe8 31. Rc6 a5 32. Rec1 Red8 33. Rxc7 Rxc7 34. Rxc7 Qd6 35.
Rxe7+ Kg8 36. Qe3 Nxd5 37. Re8+ Kh7 38. Bxd5 Qxd5 39. Qe7+ 1-0

[Event "*** SCC Grand Prix: Titled Tuesday Blitz"]
[Site "Chess.com"]
[Date "2020.09.29"]
[Round "3"]
[White "vpsetter"]
[Black "AsaHoffmann"]
[Result "1-0"]
[WhiteElo "2614"]
[BlackElo "2398"]
[TimeControl "180+1"]
[EndTime "10:27:45 PDT"]
[Termination "vpsetter won by resignation"]

1. d4 Nf6 2. c4 c5 3. d5 e5 4. Nc3 d6 5. e4 Be7 6. Bd3 Nbd7 7. Nge2 Nf8 8. O-O Ng6 9. h3 O-O 10. Be3 Nh5 11. Qd2 h6 12. g4 Nh4 13. Kh1 Nf3 14. Qd1 Nf6 15. Ng3 Nd4 16. f4 exf4 17. Bxf4 Nh7 18.
e5 Bg5 19. Bxh7+ Kxh7 20. Qd3+ Kg8 21. exd6 Bxf4 22. Rxf4 Qxd6 23. Raf1 Bd7 24. Nce4 Qb6 25. Nh5 f5 26. gxf5 Rxf5 27. Qg3 Rxh5 28. Nf6+ Qxf6 29. Rxf6 Rxh3+ 30. Qxh3 Bxh3 31. Rg1 Kh8 32. Rf7 g5 33. Re1 Bf5 34. Ree7 g4 35. d6 g3 36. d7 Rg8 37.
Rxf5 g2+ 38. Kg1 Nxf5 39. Re8 Nh4 40. Rxg8+ Kxg8 41. d8=Q+ Kf7 42. Qxh4 1-0

[Event "*** SCC Grand Prix: Titled Tuesday Blitz"]
[Site "Chess.com"]
[Date "2020.09.29"]
[Round "3"]
[White "jerry_77"]
[Black "Akmal_Fayzullaev"]
[Result "0-1"]
[WhiteElo "2468"]
[BlackElo "2265"]
[TimeControl "180+1"]
[EndTime "10:27:46 PDT"]
[Termination "Akmal_Fayzullaev won by checkmate"]

1. e4 e5 2. Nf3 Nc6 3. Bc4 Nf6 4.
O-O Bc5 5. d4 Bxd4 6. Nxd4 Nxd4 7. Bg5 h6 8. Bh4 d6 9. f4 Qe7 10. Nc3 c6 11. fxe5 dxe5 12. Bxf6 gxf6 13. Kh1 Rg8 14.
Rf2 Bg4 15. Qf1 Rg6 16. Nd1 Be6 17. c3 Bxc4 18. Qxc4 Nb5 19. Ne3 Nd6 20. Qd3 O-O-O 21. Qc2 h5 22. a4 h4 23. c4 Ne8 24. Nf5 Qc5 25. Rb1 h3 26. g3 a5 27. b3 Nc7 28.
Rd2 Rgg8 29. Rbd1 Ne6 30. Nd6+ Kc7 31. Nxf7 Rxd2 32. Qxd2 Nd4 33. Nh6 Rd8 34. Nf5 Ne6 35. Qe2 Rxd1+ 36. Qxd1 Qf2 37. Nh4 Nd4 38. c5 Kb8 39.
Qg1 Qe2 40. Qb1 Nf3 41. Qg1 Nxg1 42. Kxg1 Qe1# 0-1

[Event "*** SCC Grand Prix: Titled Tuesday Blitz"]
[Site "Chess.com"]
[Date "2020.09.29"]
[Round "3"]
[White "FearNoEvil12"]
[Black "tomsishere"]
[Result "0-1"]
[WhiteElo "2063"]
[BlackElo "2349"]
[TimeControl "180+1"]
[EndTime "10:27:46 PDT"]
[Termination "tomsishere won by checkmate"]

1. e4 b6 2. d4 Bb7 3. Nc3 e6 4. Bd3 Bb4 5. Qe2 Nf6 6. f4 c5 7.
a3 cxd4 8. axb4 dxc3 9. bxc3 Qc7 10. Bd2 Nc6 11. Nf3 d5 12. e5 Ne4 13. Bxe4 dxe4 14. Ng5 Ne7 15. Nxe4 Nf5 16. O-O Qc6 17.
Rae1 Rd8 18. b5 Qxe4 19. Qxe4 Bxe4 20. Rxe4 Rxd2 21. Rc4 Kd7 22. Ra1 Rc8 23. Rxa7+ Kd8 24. Rxc8+ Kxc8 25. Rxf7 Ne3 26. g3 Rg2+ 27. Kh1 Rxc2 28.
h4 Nf5 29. g4 Nxh4 30. Kg1 Nf3+ 31. Kf1 g5 32. f5 exf5 33. Rxf5 Nh2+ 34. Kg1 Nxg4 35.
Rxg5 Nh2 36. Rh5 Nf3+ 37. Kf1 Rxc3 38. Rxh7 Nxe5 39. Rh6 Nd7 40. Ke2 Rc5 41. Kd3 Rxb5 42. Kc4 Rc5+ 43. Kb4 Kc7 44. Rg6 Rf5 45. Rh6 Ne5 46.
Kb3 Rf4 47. Re6 Nc6 48. Rh6 b5 49. Rh7+ Kb6 50. Rh5 Rf3+ 51. Kb2 Ka5 52. Rg5 Ka4 53. Rg6 Nd4 54. Rg4 Rd3 55. Ka2 b4 56. Kb2 Rd2+ 57.
Kb1 Ka3 58. Rg3+ b3 59. Rg1 Ne2 60. Rf1 Nc3+ 61. Kc1 Rc2# 0-1

[Event "*** SCC Grand Prix: Titled Tuesday Blitz"]
[Site "Chess.com"]
[Date "2020.09.29"]
[Round "3"]
[White "ChrisTool2"]
[Black "pedro_nascimento85"]
[Result "1-0"]
[WhiteElo "2322"]
[BlackElo "1998"]
[TimeControl "180+1"]
[EndTime "10:27:46 PDT"]
[Termination "ChrisTool2 won by resignation"]

1. e4 e6 2. d4 d5 3. Nc3 Bb4 4. e5 Ne7 5. Bd2 O-O 6. f4 c5 7. a3 Bxc3 8. bxc3 Nbc6 9. Nf3 Nf5 10. g4 Nh4 11. dxc5 Nxf3+ 12. Qxf3 Qh4+ 13. Qg3 Qe7 14.
Be3 f6 15. Bd3 fxe5 16. fxe5 Bd7 17. Kd2 Be8 18. Raf1 Bg6 19. h4 Bxd3 20. cxd3 b6 21. cxb6 axb6 22. Rxf8+ Qxf8 23. Bxb6 Qxa3 24. Bd4 Qb2+ 25.
Ke3 Ra2 26. Kf4 Nxd4 27. cxd4 Qxd4+ 28. Kg5 Re2 29. h5 Rxe5+ 30. Kh4 Re3 31. Qb8+ Kf7 32.
Rf1+ Ke7 33. Qc7+ Ke8 34. Qc8+ Ke7 35. Qf8+ Kd7 36. Rf7+ Kc6 37. Qc8+ Kb5 38. Rb7+ Qb6 39. Qd7+ Ka6 40. Rxb6+ Kxb6 41. Qd6+ Kb5 42. Qd7+ Kb4 43. Qxg7 Rxd3 44. Qxh7 e5 45. Qxd3 1-0

[Event "*** SCC Grand Prix: Titled Tuesday Blitz"]
[Site "Chess.com"]
[Date "2020.09.29"]
[Round "3"]
[White "KarstenHansch"]
[Black "night_player"]
[Result "1-0"]
[WhiteElo "2460"]
[BlackElo "2059"]
[TimeControl "180+1"]
[EndTime "10:27:47 PDT"]
[Termination "KarstenHansch won on time"]

1. e4 c5 2. Nf3 Nc6 3. Bb5 e6 4. O-O Nge7 5. Re1 a6 6. Bf1 d5 7. exd5 Nxd5 8. d4 Nf6 9. a3 cxd4 10. Nbd2 Bc5 11. b4 Ba7 12. Bb2 O-O 13. Nb3 b5 14.
Nbxd4 Nxd4 15. Nxd4 Bb7 16. c4 bxc4 17. Bxc4 Qb6 18.
Qc2 Rac8 19. Qb3 Bd5 20. Bxd5 Nxd5 21. Rad1 Rfd8 22. Qg3 g6 23. Qh4 Qd6 24. Nf3 Qe7 25.
Qh6 Qf8 26. Qh4 Qe7 27. Qe4 f6 28. Qxe6+ Qxe6 29. Rxe6 Kf7 30. Rxa6 Bb8 31. Bd4 Nf4 32. Rxf6+ Kg8 33. Kf1 Nd5 34. Re6 Nf4 35. Re4 Nd5 36. Rde1 Rf8 37. Bc5 Rfd8 38. Ne5 1-0

[Event "*** SCC Grand Prix: Titled Tuesday Blitz"]
[Site "Chess.com"]
[Date "2020.09.29"]
[Round "3"]
[White "gixfantastix"]
[Black "ajdemipopushi"]
[Result "1-0"]
[WhiteElo "2088"]
[BlackElo "2330"]
[TimeControl "180+1"]
[EndTime "10:27:47 PDT"]
[Termination "gixfantastix won on time"]

1. e4 c5 2. Nc3 g6 3. g4 Bg7 4. d3 Nc6 5. Be3 d6 6. h3 Rb8 7. Bg2 b5 8. Qd2 h5 9. gxh5 Rxh5 10.
Nge2 Nd4 11. Ng3 Rh8 12. O-O-O Qa5 13. Kb1 b4 14. Nce2 Be6 15. Nc1 Rb6 16. Nge2 Ra6 17. b3 Nb5 18. d4 cxd4 19. Bxd4 Bxd4 20. Nxd4 Nc3+ 21. Qxc3 bxc3 22. a4 Rb6 23. Ka1 Nf6 24. Na2 Rh4 25. f3 Nd7 26. Nxe6 fxe6 27. Rd3 Rc6 28.
Rhd1 Ne5 29. Rd4 Rf4 30. Rb4 Nxf3 31. Rf1 Nh4 32. Rxf4 Nxg2 33. Rb8+ Kd7 34. Rff8 Ne3 35. Rb7+ 1-0

[Event "*** SCC Grand Prix: Titled Tuesday Blitz"]
[Site "Chess.com"]
[Date "2020.09.29"]
[Round "3"]
[White "almaguerjm"]
[Black "FLamps8"]
[Result "1-0"]
[WhiteElo "2321"]
[BlackElo "2496"]
[TimeControl "180+1"]
[EndTime "10:27:48 PDT"]
[Termination "almaguerjm won by resignation"]

1. d4 d5 2. Bf4 c5 3. e3 Nc6 4. Nc3 a6 5. Nf3 cxd4 6. exd4 Bg4 7. Be2 e6 8. Ne5 Bxe2 9. Nxe2 Nf6 10. Nxc6 bxc6 11.
c3 Bd6 12. Qa4 Qd7 13. O-O O-O 14. Rfd1 Rab8 15. Rd2 Ne4 16. Rc2 Rb6 17. f3 Bxf4 18. Nxf4 Nd6 19. Nd3 Rfb8 20. Nc5 Qc8 21. b4 Nc4 22. Re1 Ra8 23. a3 a5 24. Qb3 axb4 25. axb4 Ra3 26. Qb1 Qa8 27. f4 Nd6 28. g4 Nb5 29.
Qc1 Ra2 30. f5 Rxc2 31. Qxc2 Qa3 32. fxe6 fxe6 33. Re3 Nxd4 34. Qf2 Qc1+ 35. Kg2 Nc2 36. Rxe6 Rb8 37. Nd7 Rd8 38. Re7 Qg5 39. Qf7+ Kh8 40. Re8+ 1-0

[Event "*** SCC Grand Prix: Titled Tuesday Blitz"]
[Site "Chess.com"]
[Date "2020.09.29"]
[Round "3"]
[White "PSvidler"]
[Black "Maghalashvili"]
[Result "0-1"]
[WhiteElo "2934"]
[BlackElo "2712"]
[TimeControl "180+1"]
[EndTime "10:27:49 PDT"]
[Termination "Maghalashvili won by checkmate"]

1. e4 c5 2. Nf3 d6 3. d4 cxd4 4. Nxd4 Nf6 5. Nc3 a6 6. f3 e5 7. Nb3 Be6 8. Be3 h5 9. Qd2 Nbd7 10. O-O-O Be7 11. Kb1 Rc8 12. h3 b5 13. Bd3 b4 14. Nd5 Bxd5 15. exd5 Nxd5 16. Bxa6 Ra8 17. Bc4 Nxe3 18. Qxe3 O-O 19. f4 Qc7 20. Bd5 Rac8 21.
Qe2 Nf6 22. Rhe1 Nxd5 23. Rxd5 Bf6 24. f5 e4 25. Qxe4 Qc6 26. Rdd1 d5 27. Qd3 Rfd8 28. g4 hxg4 29. hxg4 Ra8 30. Nc1 Ra5 31. Rh1 Bg5 32.
Qh3 Qh6 33. Qxh6 gxh6 34. Nd3 Rb8 35. Rhe1 Kg7 36. Ne5 Rba8 37. a3 bxa3 38. b3 a2+ 39. Ka1 Bf6 40. c3 Rc5 41. Nd7 Bxc3# 0-1